 Dungeon Crawl Stone Soup version 0.31.0-32-g396128a36d (webtiles) character file.

Game seed: 14156299421427000434

2072 booth the Cleaver (level 9, 0/76 (82) HPs)
             Began as a Minotaur Monk on Apr 1, 2024.
             Was a Believer of Okawaru.
             Slain by Jeremiah
             ... wielding a +3 trident of draining
              (10 damage)
             ... on level 7 of the Dungeon.
             The game lasted 00:30:41 (5255 turns).

booth the Cleaver (Minotaur Monk)                   Turns: 5255, Time: 00:30:42

HP:   0/76 (82)     AC: 10    Str: 20    XL:     9   Next: 5%
MP:   8/8           EV: 12    Int:  7    God:    Okawaru [**....]
Gold: 28            SH:  0    Dex: 13    Spells: 8/8 levels left

rFire   + . .        p - +4 war axe (heavy)
rCold   . . .        (no shield)
rNeg    . . .        n - +5 ring mail
rPois   +            (helmet unavailable)
rElec   .            (no cloak)
rCorr   .            (no gloves)
SInv    +            (no boots)
Will    .....        t - amulet of the acrobat
Stlth   +            k - +4 ring of slaying
HPRegen 0.32/turn    m - ring of poison resistance
MPRegen 0.11/turn

%: acrobat
@: mighty, attractive, drained
A: horns 3, retaliatory headbutt, see invisible, fire resistance 1
a: Renounce Religion, Heroism


You were on level 7 of the Dungeon.
You worshipped Okawaru.
Okawaru was pleased with you.
You visited 2 branches of the dungeon, and saw 8 of its levels.

You collected 203 gold pieces.
You spent 175 gold pieces at shops.

Inventory:

Hand Weapons
 a - a +0 hand axe
 o - a +0 mace
 p - a +4 heavy war axe (weapon)
Missiles
 b - a curare-tipped dart
 c - 5 javelins
 l - 11 poisoned darts (quivered)
Armour
 d - an orb of light
 n - a +5 ring mail (worn)
Jewellery
 k - a +4 ring of slaying (left hand)
 m - a ring of poison resistance (right hand)
 r - a ring of protection from fire
 t - an amulet of the acrobat (around neck)
Wands
 s - a wand of paralysis (11)
Scrolls
 e - 2 scrolls of revelation {unknown}
 h - a scroll of noise {unknown}
 i - a scroll of fog {unknown}
 u - a scroll of teleportation
Potions
 f - 2 potions of might
 g - 2 potions of mutation
 j - 3 potions of brilliance
 q - a potion of attraction


   Skills:
 + Level 8.8 Fighting
 + Level 11.0 Axes
 + Level 2.8 Throwing
 + Level 3.4 Armour
 - Level 3.5 Dodging


You had 8 spell levels left.
You didn't know any spells.
Your spell library contained the following spells:

 Spells                   Type           Power      Damage    Failure   Level
 Freeze                   Ice            0%         1d3       58%         1
 Sandblast                Erth           0%         2d4       58%         1
 Ensorcelled Hibernation  Hex/Ice        0%         N/A       75%         2
 Lesser Beckoning         Tloc           0%         N/A       75%         2
 Sublimation of Blood     Necr           0%         N/A       75%         2
 Frozen Ramparts          Ice            0%         1d1       92%         3
 Gell's Gravitas          Tloc           0%         N/A       92%         3
 Hailstorm                Conj/Ice       0%         3d5       92%         3
 Passwall                 Erth           0%         N/A       92%         3
 Stone Arrow              Conj/Erth      0%         3d7       92%         3
 Swiftness                Air            0%         N/A       92%         3
 Teleport Other           Tloc           0%         N/A       92%         3
 Brom's Barrelling Bould  Conj/Erth      0%         2d3       100%        4
 Dispersal                Tloc           0%         N/A       100%        6
 Call Imp                 Summ           Unusable   N/A       N/A         2
 Summon Hydra             Summ           Unusable   N/A       N/A         7

Dungeon Overview and Level Annotations

Branches:
Dungeon (7/15)             Temple (1/1) D:4

Altars:
Ashenzari
Cheibriados
Dithmenos
Elyvilon
Fedhas
Gozag
Hepliaklqana
Kikubaaqudgha
Makhleb
Nemelex Xobeh
Okawaru
Qazlal
Ru
Uskayaw
Vehumet
Wu Jian
Xom
Yredelemnul
Zin
The Shining One

Shops:
D:2 (

Annotations:
D:4 2 transporters, Dvallin's ghost, amateur DrSh
D:7 Jeremiah


Innate Abilities, Weirdness & Mutations

You have a pair of large horns on your head.
You reflexively headbutt those who attack you in melee.
You have supernaturally acute eyesight. (SInv)
Your flesh is heat resistant. (rF+)


Message History

The grasping roots constrict you.
Jeremiah hits you from afar with a +3 trident of draining!
You feel drained. The grasping roots constrict you!
You barely miss the butterfly. You miss the butterfly.
Jeremiah hits you from afar with a +3 trident of draining.
You feel drained. The grasping roots constrict you.
The grasping roots release their grip on you.
You closely miss the butterfly. Your headbutt misses the butterfly.
You slice the butterfly!!
You kill the butterfly!
The butterfly disappears in a burst of colours!
You slash the butterfly!
You kill the butterfly!
The butterfly disappears in a burst of colours!
Jeremiah hops!
Things that are here:
a +0 dire flail; a +0 plate armour The butterfly disappears in a burst of colours!
Items here: )))) [ †.
Jeremiah mumbles a slurred invocation.
Something smites you!
* * * LOW HITPOINT WARNING * * *
Jeremiah mumbles a slurred invocation.
Something smites you!
* * * LOW HITPOINT WARNING * * *
The butterfly disappears in a burst of colours! x2
It was a potion of attraction.
You feel attractive to monsters. The butterfly is attracted toward you.
You feel very mighty all of a sudden.
The butterfly disappears in a burst of colours!
Jeremiah is attracted toward you. Jeremiah is attracted toward you.
The butterfly is attracted toward you.
You closely miss Jeremiah. You headbutt Jeremiah!
Jeremiah is moderately wounded.
The butterfly disappears in a burst of colours!
Jeremiah asks, "Where am I?
Why are you fighting me?"
Jeremiah hits you with a +3 trident of draining!
You die...
Jeremiah wails, "I didn't mean to kill anyone!
I'm not a murderer!"

#.# .## #.##.. #.#..
#.#.# ## #### #...
##+.+## ...
#..###+.....+# . #.##
#..#8#.......# .#
#Fb###).§.§.b.....+# ..#
##.b))b....F@b8....#
#..####(##§....bb.....+#
#...b..##..#8#.......#
..b#####..###+.....+#
##..####...# ##+.+##
#......#..### ##
##...#......######
.#####.#.##.........
.............########


You could see Jeremiah.

Vanquished Creatures
  Sigmund (D:2)
  Eustachio (D:4)
  Menkaure (D:4)
  A water moccasin (D:6)
  2 orc warriors (D:7)
  A black bear (D:6)
  An ice beast (D:6)
  3 ogres
  A kobold brigand (D:6)
  A phantom (D:4)
  A scorpion (D:5)
  A howler monkey (D:5)
  4 bombardier beetles
  2 hounds
  A jelly (D:7)
  An iguana (D:4)
  3 orc wizards (D:5)
  4 gnolls
  11 adders
  7 river rats (D:6)
  2 dart slugs
  3 ribbon worms
  24 orcs
  5 ball pythons
  10 endoplasms
  A giant cockroach (D:3)
  3 goblins
  11 hobgoblins
  7 jackals
  8 quokkas
  12 bats
  3 frilled lizards
  12 kobolds
  16 rats
165 creatures vanquished.

Notes
Turn   | Place    | Note
-------+----------+-------------------------------------------
     0 | D:1      | booth the Minotaur Monk began the quest for the Orb.
     0 | D:1      | Reached XP level 1. HP: 19/19 MP: 0/0
    69 | D:1      | Found a faded altar of an unknown god.
   172 | D:1      | Reached XP level 2. HP: 27/27 MP: 1/1
   268 | D:1      | Reached skill level 4 in Axes
   657 | D:1      | Reached XP level 3. HP: 33/33 MP: 2/2
  1231 | D:2      | Reached skill level 5 in Axes
  1304 | D:2      | Reached XP level 4. HP: 40/41 MP: 3/3
  1360 | D:2      | Found Veg Nosois's Antique Weapon Emporium.
  1380 | D:2      | Noticed Sigmund
  1414 | D:2      | Gained mutation: You have supernaturally acute eyesight.
                  | (SInv) [potion of mutation]
  1414 | D:2      | Gained mutation: Your flesh is heat resistant. (rF+)
                  | [potion of mutation]
  1414 | D:2      | Gained mutation: You have a pair of large horns on your
                  | head. [potion of mutation]
  1415 | D:2      | Killed Sigmund
  1416 | D:2      | Reached skill level 5 in Fighting
  1416 | D:2      | Reached skill level 6 in Axes
  1416 | D:2      | Reached XP level 5. HP: 10/48 MP: 4/4
  2064 | D:3      | Reached XP level 6. HP: 56/56 MP: 5/5
  2512 | D:3      | Reached skill level 7 in Axes
  2760 | D:4      | Noticed Eustachio
  2767 | D:4      | Killed Eustachio
  2768 | D:4      | Reached skill level 8 in Axes
  2768 | D:4      | Reached XP level 7. HP: 64/64 MP: 6/6
  2811 | D:4      | Found a transporter.
  2816 | D:4      | Found a transporter.
  3015 | D:4      | Found a basalt altar of Yredelemnul.
  3050 | D:4      | Found a staircase to the Ecumenical Temple.
  3051 | D:4      | Noticed Menkaure
  3070 | D:4      | Killed Menkaure
  3108 | D:4      | HP: 3/64 [ogre/+0 giant club (15)]
  3113 | D:4      | Reached skill level 9 in Axes
  3286 | Temple   | Entered the Ecumenical Temple
  3301 | Temple   | Became a worshipper of Warmaster Okawaru
  3301 | Temple   | Reached * piety under Okawaru
  3301 | Temple   | Reached ** piety under Okawaru
  3445 | D:4      | Noticed Dvallin's ghost (amateur DrSh)
  3554 | D:5      | Entered Level 5 of the Dungeon
  3574 | D:5      | Reached XP level 8. HP: 73/73 MP: 7/7
  3653 | D:5      | Reached skill level 10 in Axes
  4366 | D:6      | Reached skill level 1 in Armour
  4368 | D:6      | Reached skill level 1 in Throwing
  4659 | D:2      | Bought a glowing war axe for 175 gold pieces
  4977 | D:6      | Found a snail-covered altar of Cheibriados.
  5128 | D:6      | You fall into a shaft and drop 1 floor!
  5201 | D:7      | Reached XP level 9. HP: 72/82 MP: 8/8
  5227 | D:7      | Reached skill level 11 in Axes
  5231 | D:7      | Noticed Jeremiah
  5255 | D:7      | Slain by Jeremiah

Illustrated notes

Levels and vault maps discovered:
D:1:      wander_arrival_chamber, layout_basic,
          ebering_ecumenical_altar_sacrificial, kennysheep_pointless_box
D:2:      layout_rooms, serial_shops, shop, uniq_sigmund
D:3:      layout_basic, glass_columns_a
D:4:      wander_river, layout_basic, lemuel_round_altar,
          minmay_temple_entry_mist, gammafunk_ghost_gnarly_gnolls,
          uniq_menkaure, uniq_eustachio
D:5:      wad_lake_hut, layout_basic
D:6:      lemuel_ratsnest, layout_cave_pods, mainiacjoe_overflow_catch_the_wave
D:7:      cheibrodos_statue_roulette, layout_rooms, serial_shops, shop_statue,
          uniq_jeremiah
Temple:   hc_temple_tempest_star

Skill      XL: |  1  2  3  4  5  6  7  8  9 |
---------------+----------------------------+-----
Axes           | 4 5 6 8 9 10 11 | 11.0
Fighting       | 4 5 6 7 8 |  8.8
Armour         | 3 |  3.4
Throwing       | 2 |  2.8
Dodging        | |  3.5

Action                     |  1- 3 |  4- 6 |  7- 9 || total
---------------------------+-------+-------+-------++-------
  Melee: Hand axe          |    74 |    80 |    89 ||   243
         Headbutt          |    17 |    20 |    20 ||    57
         War axe           |       |       |    43 ||    43
         Punch             |       |       |     1 ||     1
  Throw: Javelin           |       |     3 |    12 ||    15
         Dart              |       |       |     1 ||     1
    Use: Scroll            |     1 |     3 |     2 ||     6
         Potion            |       |     2 |     3 ||     5
 Armour: Robe              |     6 |       |       ||     6
         Leather armour    |    12 |    27 |       ||    39
         Ring mail         |       |    33 |    72 ||   105
  Dodge: Dodged            |    56 |    46 |    57 ||   159
